 Dungeon Crawl Stone Soup version 0.21.3-3-g218456f21e (webtiles) character file.

6 CurlyBrace the Digger (level 1, 0/7 HPs)
             Began as a Felid Earth Elementalist on Feb 16, 2021.
             Slain by a yak (4 damage)
             ... on level 4 of the Dungeon.
             The game lasted 00:02:50 (249 turns).

CurlyBrace the Digger (Felid Earth Elementalist)     Turns: 249, Time: 00:02:50

Health: 0/7        AC:  1    Str:  4    XL:     1   Next: 75%
Magic:  2/4        EV: 18    Int: 16    God:
Gold:   37         SH:  0    Dex: 16    Spells: 3/4 levels left
                                        Lives:  0   Deaths: 0

rFire    . . .     SeeInvis +   (weapon unavailable)
rCold    . . .     Gourm    .   (shield unavailable)
rNeg     . . .     Faith    .   (armour unavailable)
rPois    .         Spirit   .   (helmet unavailable)
rElec    .         Reflect  .   (cloak unavailable)
rCorr    .         Harm     .   (gloves unavailable)
MR       .....                  (boots unavailable)
Stlth    +++.......             (no amulet)
HPRegen  0.02/turn              (no ring)
MPRegen  0.09/turn              (no ring)

@: lethally poisoned (0 -> -10), about to teleport, quick
A: very small, no armour, no weapons or thrown items, stealth, claws 1, fangs 3,
see invisible, carnivore, speed 1, shaggy fur 1, slow metabolism 1, sharp paws
a: no special abilities


You were on level 4 of the Dungeon.
You were not hungry.

You visited 1 branch of the dungeon, and saw 5 of its levels.

You collected 37 gold pieces.

Inventory:

Missiles
 b - 39 stones
Scrolls
 x - a scroll of remove curse
Books
 d - a book of Geomancy

   Spells                             Type                      Level
   a - Sandblast                      Earth                        1
   b - Passwall                       Transmutation/Earth          2
   c - Stone Arrow                    Conjuration/Earth            3
   d - Petrify                        Transmutation/Earth          4
   e - Lee's Rapid Deconstruction     Earth                        5
Comestibles
 e - a ration


   Skills:
 + Level 2.9 Dodging
 + Level 2.9 Stealth
 - Level 2.0 Spellcasting
   Level 1.1 Transmutations
 * Level 2.9 Earth Magic


You had 3 spell levels left.
You knew the following spells:

 Your Spells              Type           Power        Failure   Level  Hunger
a - Sandblast             Erth           ##....       6%          1    #......


Dungeon Overview and Level Annotations

Branches:
Dungeon (5/15)
 Temple: D:4-7

Altars:
The Shining One

Annotations:
D:4 1 transporter, exclusion: downstairs


Innate Abilities, Weirdness & Mutations

You cannot wear armour.
You are incapable of wielding weapons or throwing items.
Your paws allow you to move quietly. (Stealth)
You have sharp claws.
You have razor-sharp teeth.
You have supernaturally acute eyesight. (SInv)
You are carnivorous and can eat meat at any time.
You cover ground quickly.
You are covered in fur. (AC +1)
You have a slow metabolism.
Your sharp claws are effective at attacking unaware monsters.


Message History

You are lethally poisoned!
The scorpion poisons you! The orc closely misses you.
Unknown command.
You feel sick.
Found a transporter.
Okay, then.
* * * LOW HITPOINT WARNING * * *
You feel sick.
* * * LOW HITPOINT WARNING * * *
You feel sick.
You feel much better.
You feel sick. The orc warrior misses you.
Unknown command.
You feel sick.
You see here 13 gold pieces.
You see here a scroll of teleportation.
As you read the scroll of teleportation, it crumbles to dust.
You feel strangely unstable.
You feel sick. The yak gores you.
Ouch! That really hurt!
You die...

#...........$.............
#.........................
#.....................>...
#........(.# ######.#####
#..........# #<.....#
###.....##.########
##.....©.......
#..#########...
#.##8o.@($8##..
#.#.a[Y$$%..#..
#.#.##.o.##.#..
#.#.##...##.#.$
#.#........©#..
#.#.##...##.#..
#.#.##.©.##.#..
#.#.........#..
#.##8.o...8##..


You could see a yak, an orc warrior, a worker ant and an orc.

Vanquished Creatures
  A dart slug (D:2)
  A goblin (D:2)
  2 frilled lizards
  A kobold (D:1)
5 creatures vanquished.

Notes
Turn   | Place    | Note
-------+----------+-------------------------------------------
     0 | D:1      | CurlyBrace the Felid Earth Elementalist began the quest for the Orb.
     0 | D:1      | Reached XP level 1. HP: 7/7 MP: 4/4
   192 | D:5      | Entered Level 5 of the Dungeon
   192 | D:5      | Noticed a worker ant
   213 | D:4      | Found a glowing golden altar of the Shining One.
   214 | D:4      | Noticed a worker ant
   214 | D:4      | Noticed a yak
   218 | D:4      | Noticed an orc warrior
   223 | D:4      | Found a transporter.
   227 | D:4      | Noticed a scorpion
   239 | D:4      | Found a transporter.
   249 | D:4      | Slain by a yak

Action                   || total
-------------------------++-------
Melee: Unarmed           ||     3
 Cast: Sandblast         ||     8
  Use: Scroll            ||     3
       Potion            ||     3
  Eat: Chunk             ||     1
Dodge: Dodged            ||     5
